 Dungeon Crawl Stone Soup version 0.24.0-13-gcf9b3192b9 (webtiles) character file.

Game seed: 12351467979074338974, levelgen mode: deterministic

64 Inarius the Slasher (level 3, -2/24 HPs)
             Began as a Deep Elf Abyssal Knight on Nov 7, 2019.
             Was a Follower of Lugonu.
             Slain by Sigmund
             ... wielding a +0 scythe
              (10 damage)
             ... on level 2 of the Dungeon.
             The game lasted 00:04:55 (2476 turns).

Inarius the Slasher (Deep Elf Abyssal Knight)       Turns: 2476, Time: 00:04:56

Health: -2/24      AC:  6    Str:  8 (9)  XL:     3   Next: 91%
Magic:  6/6        EV: 10    Int: 13 (16) God:    Lugonu [*.....]
Gold:   75         SH:  0    Dex: 13 (15) Spells: 2/2 levels left

rFire    . . .     SeeInvis .   a - +1 falchion
rCold    . . .     Gourm    .   (no shield)
rNeg     . . .     Faith    .   n - +1 ring mail
rPois    .         Spirit   .   (no helmet)
rElec    .         Reflect  .   (no cloak)
rCorr    .         Harm     .   (no gloves)
MR       .....                  (no boots)
Stlth    ..........             m - amulet of regeneration
HPRegen  0.08/turn              (no ring)
MPRegen  0.10/turn              (no ring)

@: confused
A: robust 1, no potion heal 1
a: Depart the Abyss, Renounce Religion


You were on level 2 of the Dungeon.
You worshipped Lugonu.
Lugonu was aware of your devotion.
You were near starving.

You visited 1 branch of the dungeon, and saw 2 of its levels.
You visited the Abyss 1 time.

You collected 75 gold pieces.

Inventory:

Hand Weapons
 a - a +1 falchion (weapon)
Armour
 b - a +0 leather armour
 n - a +1 ring mail (worn)
Jewellery
 m - an amulet of regeneration (around neck)
Scrolls
 d - a scroll of amnesia
 g - a scroll of identify
 p - a scroll of random uselessness
Potions
 j - a potion of flight
 r - a potion of degeneration
Comestibles
 c - 7 rations


   Skills:
 + Level 2.8 Fighting
 * Level 2.9 Long Blades
 + Level 1.0 Armour
 * Level 2.7 Dodging
 * Level 1.3 Stealth
 + Level 2.2 Invocations


You had 2 spell levels left.
You didn't know any spells.
Your spell library was empty.

Dungeon Overview and Level Annotations

Branches:
Dungeon (2/15)

Altars:
Nemelex Xobeh
Trog

Annotations:
D:2 Sigmund


Innate Abilities, Weirdness & Mutations

You are robust. (+10% HP)
Potions are less effective at restoring your health.


Message History

You blink.
You hear some strange, mumbled words.
You are more confused.
You bump into the rock wall.
Something barely misses you.
You bump into the rock wall.
You blink.
Something completely misses you. The leopard gecko bites you.
You see here a cursed -3 short sword.
The leopard gecko bites you.
You miss the leopard gecko. Something hits you.
The leopard gecko completely misses you.
The leopard gecko closely misses you.
You see here a +0 dagger.
You hear some strange, mumbled words.
Something tries to affect you, but you resist.
Your transformation has ended.
Your +1 falchion unmelds from your body.
Your +1 ring mail unmelds from your body.
Your amulet of regeneration unmelds from your body.
Something hits you!
You die...

....####...## #.#♣♣♣P..PP
.....).....#### #.♣.PPP.P.♣
...#######....## #.♣♣.P♣ ....#
#.....###...P♣♣ ###(##
#####.....#♣♣♣###♣ #..#
#..#.........♣♣ ####.#####
####.#.##.......♣♣♣♣
.........###....l.)...........#
.........#...##.@..#..........#
..##.##..#.#####{..#..........#
..#...#..#.# #...#.........♣♣♣#
..)._......# #...#########..PP♣
..#...#..### #...####### #♣..PP
..##.##..# #.......... ♣....
.........# ##..###.## #♣♣♣.
.....@...# #..# ♣♣ ####.#####
#..# ♣


You could see a leopard gecko.

Vanquished Creatures
  An adder (D:2)
  2 oozes
  3 leopard geckos
  2 giant cockroaches (D:1)
  4 goblins (D:2)
  6 hobgoblins
  2 jackals (D:1)
  5 bats
  2 frilled lizards
  9 kobolds
  4 rats
  A bush (D:2)
  A plant (D:2)
42 creatures vanquished.

Notes
Turn   | Place    | Note
-------+----------+-------------------------------------------
     0 | Abyss:1  | Inarius the Deep Elf Abyssal Knight began the quest for the
                  | Orb.
     0 | Abyss:1  | Reached XP level 1. HP: 13/13 MP: 4/4
    35 | Abyss:3  | Found a corrupted altar of Lugonu.
    53 | Abyss:3  | Noticed a large abomination
    88 | Abyss:3  | Noticed an apocalypse crab
    91 | D:1      | Escaped the Abyss
   269 | D:1      | Reached * piety under Lugonu
   283 | D:1      | Reached XP level 2. HP: 15/18 MP: 5/5
  1389 | D:2      | Reached XP level 3. HP: 22/22 MP: 6/6
  1571 | D:2      | Found a sparkling altar of Nemelex Xobeh.
  1593 | D:2      | Noticed Sigmund
  1695 | D:2      | Reached skill level 1 in Stealth
  2252 | D:2      | Found a bloodstained altar of Trog.
  2265 | D:2      | Reached skill level 1 in Armour
  2435 | D:2      | HP: 1/22 [something (5)]
  2438 | D:2      | Gained mutation: Potions are less effective at restoring
                  | your health. [potion of mutation]
  2438 | D:2      | Gained mutation: You are robust. (+10% HP) [potion of
                  | mutation]
  2476 | D:2      | Slain by Sigmund

Levels and vault maps discovered:
D:1:      minmay_arrival_loop, layout_loops_ring, serial_rivers,
          chequers_serial_rivers_micro_a, chequers_serial_rivers_room_a,
          chequers_serial_rivers_room_b, chequers_serial_rivers_micro_e,
          chequers_serial_rivers_small_b
D:2:      layout_rooms, lemuel_doored_altar, nemelex_altar_shiori,
          nicolae_overflow_crystal_walls, serial_forest,
          infiniplex_forest_end_2, infiniplex_forest_clump_tiny,
          infiniplex_forest_split, infiniplex_forest_split,
          infiniplex_forest_end_3, infiniplex_forest_lined_3,
          infiniplex_forest_end_3, infiniplex_forest_clump_medium,
          infiniplex_forest_end_2, uniq_sigmund

Skill      XL: |  1  2  3 |
---------------+----------+-----
Long Blades    | 2 |  2.9
Stealth        | 1 |  1.3
Armour         | 1 |  1.0
Fighting       | |  2.8
Dodging        | |  2.7
Invocations    | |  2.2

Action                   || total
-------------------------++-------
Melee: Falchion          ||   381
       Unarmed           ||    16
Invok: Depart the Abyss  ||     1
  Use: Scroll            ||     6
       Potion            ||     6
 Stab: Sleeping          ||     1
  Eat: Chunk             ||     4
Armor: Leather armour    ||     7
       Ring mail         ||    30
       Skin              ||     3
Dodge: Dodged            ||    95
       Rpst.: Falchion   ||    29
